 Dungeon Crawl Stone Soup version 0.27-a0-860-gaf99fae3ca (webtiles) character file.

Game seed: 14289222122181669216

31 pooppants the Ducker (level 3, 29/29 HPs)
             Began as a Djinni Gladiator on Apr 1, 2021.
             Was a Follower of Fedhas.
             Quit the game on level 1 of the Dungeon.
             The game lasted 00:05:59 (938 turns).

pooppants the Ducker (Djinni Gladiator)              Turns: 938, Time: 00:05:59

Health: 29/29      AC:  4    Str: 13    XL:     3   Next: 22%
Gold:   42         EV: 12    Int: 10    God:    Fedhas [*.....] SH:  0 Dex: 14

rFire    + + .     SeeInvis .   a - +0 trident
rCold    x . .     Faith    .   (no shield)
rNeg     . . .     Spirit   .   b - +0 leather armour
rPois    ∞         Reflect  .   c - +0 helmet
rElec    .         Harm     .   (no cloak)
rCorr    .         Rampage  .   (no gloves)
Will     .....                  (boots unavailable)
Stlth    +.........             (no amulet)
HPRegen  0.09/turn              (no ring)
MPRegen  0.00/turn              (no ring)

@: flying
A: fire resistance 2, cold vulnerability 1, float, innate caster, hp casting,
extra vitality 1
a: Renounce Religion


You were on level 1 of the Dungeon.
You worshipped Fedhas.
Fedhas was aware of your devotion.
You visited 1 branch of the dungeon, and saw 1 of its levels.

You collected 42 gold pieces.

Inventory:

Hand Weapons
 a - a +0 trident (weapon)
Missiles
 d - 3 throwing nets (quivered)
Armour
 b - a +0 leather armour (worn)
 c - a +0 helmet (worn)
 i - a +2 buckler
Scrolls
 e - 2 scrolls of identify {unknown}
 f - a scroll of amnesia {unknown}
 g - a scroll of acquirement {unknown}
 h - a scroll of fear {unknown}
Potions
 j - a potion of magic {unknown}


   Skills:
 + Level 2.3 Fighting
 + Level 2.6 Polearms
 + Level 1.9 Throwing
 - Level 3.2 Dodging
 * Level 1.2 Spellcasting


You had 3 spell levels left.
You knew the following spells:

 Your Spells              Type           Power      Damage    Failure   Level
a - Sting                 Tmut/Pois      12%        1d3       26%         1
Your spell library was empty.

Dungeon Overview and Level Annotations

Branches:
Dungeon (1/15)

Altars:
Fedhas


Innate Abilities, Weirdness & Mutations

You are immune to poison.
Your flesh is very heat resistant. (rF++)
You are vulnerable to cold. (rC-)
You float through the air rather than walking.
You learn spells naturally, not from books.
Your magical power is your life essence.
You have superior vitality. (+4 HP)


Message History

Confirm with . or Enter, or press ? or * to list all spells.
You can't see any susceptible monsters within range! (Use Z to cast anyway.) Unknown command.
Casting: Sting (safe; 26% risk of failure)
Confirm with . or Enter, or press ? or * to list all spells.
Aiming: Sting (safe; 26% risk of failure)
Press: ? - help, Shift-Dir - straight line, f - dart slug
Aim: a dart slug (0% to evade)
The sting hits the dart slug.
The dart slug is poisoned.
The dart slug is lightly wounded.
You hit the dart slug.
The dart slug is almost dead.
You kill the dart slug!
You see here a dart slug corpse.
A rat comes into view.
You barely miss the rat. The rat bites you but does no damage.
You hit the rat.
The rat is heavily wounded.
The rat barely misses you.
You completely miss the rat.
The rat is heavily wounded.
The rat misses you. The rat completely misses you.
You hit the rat.
You kill the rat!
No target in view!
You reach down and open the door.
Found a faded altar of an unknown god.
There is an open door here.
There is a faded altar of an unknown god here.
You cannot tell which god this altar belongs to.
Convert to them anyway?
Fedhas accepts your prayer! Fedhas welcomes you!
The plants of the dungeon cease their hostilities.
There is an open door here.
You fly carefully through the plants.
You fly carefully through the plants.
There is a fountain of sparkling water here.
You fly carefully through the plants.
Unknown command.
Are you sure you want to abandon this character and quit the game? (Confirm with "yes".)

#.......)†.................
#.......####....#####......
#.......# #######.....##.#
#.......# #.....##.#
#.......##########.....##♣♣
#.......#.....(........##♣♣
###........................
#######†....P.P......).♣.
##@##.♣♣.P.....#.♣♣
#.##.♣♣♣♣.....#..#
#.##...♣..###.....
#.###....## #.##.#
#..####### #.##.# ##..#
####+##.# #..# #.......#
#..# #........ ###..###
#......#.


There were no monsters in sight!

Vanquished Creatures
  2 dart slugs (D:1)
  5 ball pythons (D:1)
  2 bats (D:1)
  2 endoplasms (D:1)
  2 goblins (D:1)
  4 jackals (D:1)
  2 quokkas (D:1)
  A frilled lizard (D:1)
  3 kobolds (D:1)
  2 rats (D:1)
25 creatures vanquished.

Notes
Turn   | Place    | Note
-------+----------+-------------------------------------------
     0 | D:1      | pooppants the Djinni Gladiator began the quest for the Orb.
     0 | D:1      | Reached XP level 1. HP: 18/18 MP: 0/0
    92 | D:1      | Reached XP level 2. HP: 21/23 MP: 0/0
   405 | D:1      | Reached skill level 1 in Spellcasting
   766 | D:1      | Reached XP level 3. HP: 28/28 MP: 0/0
   766 | D:1      | Learned a level 1 spell: Sting
   875 | D:1      | Found a faded altar of an unknown god.
   880 | D:1      | Became a worshipper of Fedhas Madash
   880 | D:1      | Reached * piety under Fedhas
   938 | D:1      | Quit the game

Illustrated notes

Levels and vault maps discovered:
D:1:      dpeg_arrival_connections, layout_basic, serial_forest,
          infiniplex_forest_clump_double, infiniplex_forest_straight_4,
          infiniplex_forest_zigzag_1, infiniplex_forest_straight_2,
          infiniplex_forest_end_2, infiniplex_forest_clump_long,
          infiniplex_forest_clump_small, chequers_ecumenical_altar_lobes

Skill      XL: |  1  2 |
---------------+-------+-----
Spellcasting   | 1 |  1.2
Fighting       | |  2.3
Polearms       | |  2.6
Throwing       | |  1.9
Dodging        | |  3.2

Action                   || total
-------------------------++-------
Melee: Trident           ||    67
 Cast: Sting             ||     3
Armor: Leather armour    ||    33
Dodge: Dodged            ||    44

Table legend: (Time is in decaauts)
 A = Elapsed time spent in this place.
 B = Non-inter-level travel time spent in this place.
 C = Inter-level travel time spent in this place.
 D = Time resting spent in this place.
 E = Time spent auto-exploring this place.
 F = Levels seen in this place.
 G = Mean time per level.
                   A        B        C        D        E       F      G
               +--------+--------+--------+--------+--------+-----+--------+
         Total |    951 |    951 |      0 |    219 |    496 |   1 |  951.0 |
       Dungeon |    951 |    951 |      0 |    219 |    496 |   1 |  951.0 |
               +--------+--------+--------+--------+--------+-----+--------+

Top non-repeatable levels by time:
     D:1: 951 daAuts
